 Dungeon Crawl Stone Soup version 0.30-b1-2-g02819fbbbe (webtiles) character file.

Game seed: 1796790654325265478

585984 Wired the Executioner (level 26, -10/249 HPs)
             Began as a Minotaur Fighter on Nov 29, 2023.
             Was the Champion of Okawaru.
             Killed from afar by a yellow draconian annihilator (44 damage)
             ... with an iron shot
             ... on level 5 of the Realm of Zot on Nov 30, 2023.
             The game lasted 03:31:31 (66811 turns).

Wired the Executioner (Minotaur Fighter)           Turns: 66811, Time: 03:31:31

Health: -10/249    AC: 60    Str: 34    XL:     26   Next: 7%
Magic:  27/27      EV: 10    Int:  9    God:    Okawaru [******]
Gold:   7574       SH: 27    Dex: 11    Spells: 25/25 levels left

rFire   + + +        c - +9 broad axe of Pyromania {freeze, Fly rPois Int+5 Dex-5}
rCold   + . .        W - +5 kite shield {rC+ rF+}
rNeg    + . .        S - +14 crystal plate armour of Boimaz Nume {Str+2}
rPois   +            e - +2 hat
rElec   +            z - +5 cloak "Westet" {rF+ Regen+ Int-3}
rCorr   .            v - +2 pair of gloves {Str+3}
SInv    +            p - +0 pair of boots "Ustrodok" {Int+2 Dex+4}
Will    +....        B - amulet of reflection Stlth
                     I - ring "Wuacs" {rN+ SInv Stlth+}
HPRegen 0.00/turn    V - ring of Internal Strife {Fly rElec rF+ Str+2}
MPRegen 0.20/turn

%: reflection
@: heroic, marked, flying, inhibited regen, unable to drink
A: horns 2, retaliatory headbutt, dopey 1, low MP 2, inhibited regeneration,
teleportitis 2, weak 1, inability to drink after injury 2
}: 3/15 runes: decaying, serpentine, silver
a: Renounce Religion, Heroism, Finesse, Duel


You were on level 5 of the Realm of Zot.
You worshipped Okawaru.
Okawaru was exalted by your worship.
You visited 12 branches of the dungeon, and saw 52 of its levels.
You visited the Abyss 1 time.
You visited 1 bazaar.
You also visited: Trove, Sewer, Ice Cave and Desolation.

You collected 9136 gold pieces.
You spent 1562 gold pieces at shops.

Inventory:

Hand Weapons
 c - the +9 broad axe of Pyromania (weapon) {freeze, Fly rPois Int+5 Dex-5}
   (Okawaru gifted it to you on level 4 of the Depths)

   Int:       It affects your intelligence (+5).
   Dex:       It affects your dexterity (-5).
   rPois:     It protects you from poison.
   Fly:       It grants you flight.
Missiles
 k - 10 boomerangs
 o - 21 silver javelins
 D - 6 throwing nets
 H - 4 silver boomerangs
 O - 16 javelins (quivered)
Armour
 e - a +2 hat (worn)
 p - the +0 pair of boots "Ustrodok" (worn) {Int+2 Dex+4}
   (You found it on level 4 of the Vaults)

   Int:       It affects your intelligence (+2).
   Dex:       It affects your dexterity (+4).
 v - a +2 pair of gloves of strength (worn)
 z - the +5 cloak "Westet" (worn) {rF+ Regen+ Int-3}
   (You found it in a treasure trove)

   Int:       It affects your intelligence (-3).
   rF:        It protects you from fire.
   Regen:     It increases your rate of health regeneration.
 S - the +14 crystal plate armour of Boimaz Nume (worn) {Str+2}
   (You found it in a treasure trove)

   Str:       It affects your strength (+2).
 W - a +5 kite shield of resistance (worn)
Jewellery
 B - an amulet of reflection (around neck)
 I - the ring "Wuacs" (left hand) {rN+ SInv Stlth+}
   (You found it on level 3 of the Crypt)

   [ring of positive energy]

   rN:        It protects you from negative energy.
   SInv:      It lets you see invisible.
   Stlth:     It makes you more stealthy.
 V - the ring of Internal Strife (right hand) {Fly rElec rF+ Str+2}
   (You found it in an ice cave)

   [ring of flight]

   Str:       It affects your strength (+2).
   rF:        It protects you from fire.
   rElec:     It insulates you from electricity.
   Fly:       It grants you flight.
 X - the ring "Sofuiteh" {Will+ AC+4 Int+5}
   (You acquired it on level 12 of the Dungeon)

   [ring of protection]

   AC:        It affects your AC (+4).
   Int:       It affects your intelligence (+5).
   Will:      It increases your willpower.
Wands
 g - a wand of digging (17)
 C - a wand of flame (56)
 E - a wand of paralysis (43)
 J - a wand of mindburst (50)
 N - a wand of polymorph (15)
 R - a wand of light (38)
 Y - a wand of roots (33)
Scrolls
 b - 7 scrolls of magic mapping
 f - 11 scrolls of poison
 i - 11 scrolls of fear
 m - 10 scrolls of immolation
 n - 10 scrolls of fog
 q - 11 scrolls of enchant armour
 r - 4 scrolls of torment
 s - 20 scrolls of teleportation
 x - 7 scrolls of silence
 y - 6 scrolls of blinking
 Q - 13 scrolls of vulnerability
Potions
 a - 4 potions of heal wounds
 d - 8 potions of flight
 l - 29 potions of curing
 t - 3 potions of resistance
 u - 3 potions of invisibility
 w - 8 potions of cancellation
 A - 2 potions of haste
 P - 15 potions of lignification
 U - 2 potions of might
Miscellaneous
 h - a phial of floods
 G - a tin of tremorstones (inert)
 Z - a lightning rod (4/4)


   Skills:
 + Level 22.9(27) Fighting
 * Level 25.5(27) Axes
 - Level 2.0(22.1) Maces & Flails
 + Level 20.4(25.4) Throwing
 + Level 22.9(27) Armour
 - Level 1.0(6.0) Dodging
 + Level 22.9(27) Shields
 - Level 16.0 Invocations
 - Level 13.0 Evocations


You had 25 spell levels left.
You didn't know any spells.
Your spell library contained the following spells:

 Spells                   Type           Power      Damage    Failure   Level
 Beastly Appendage        Tmut           0%         N/A       87%         1
 Foxfire                  Conj/Fire      0%         2x1d4     87%         1
 Freeze                   Ice            0%         1d3       87%         1
 Kiss of Death            Conj/Necr      0%         2d5       87%         1
 Necrotise                Necr           0%         1d4       87%         1
 Sandblast                Erth           0%         2d4       87%         1
 Shock                    Conj/Air       0%         1d3       87%         1
 Slow                     Hex            0%         N/A       87%         1
 Sting                    Tmut/Pois      0%         1d3       87%         1
 Cigotuvi's Dreadful Rot  Necr/Pois/Air  0%         N/A       95%         2
 Ensorcelled Hibernation  Hex/Ice        0%         N/A       95%         2
 Lesser Beckoning         Tloc           0%         N/A       95%         2
 Passwall                 Tmut/Erth      0%         N/A       95%         2
 Poisonous Vapours        Pois/Air       0%         N/A       95%         2
 Scorch                   Fire           0%         2d5       95%         2
 Static Discharge         Conj/Air       0%         2-2/arc   95%         2
 Sublimation of Blood     Necr           0%         N/A       95%         2
 Wereblood                Tmut           0%         N/A       95%         2
 Confusing Touch          Hex            0%         N/A       99%         3
 Frozen Ramparts          Ice            0%         1d1       99%         3
 Gell's Gravitas          Tloc           0%         N/A       99%         3
 Hailstorm                Conj/Ice       0%         3d3       99%         3
 Ignite Poison            Fire/Tmut/Pois 0%         N/A       99%         3
 Inner Flame              Hex/Fire       0%         N/A       99%         3
 Mephitic Cloud           Conj/Pois/Air  0%         N/A       99%         3
 Portal Projectile        Hex/Tloc       0%         N/A       99%         3
 Spider Form              Tmut/Pois      0%         N/A       99%         3
 Swiftness                Air            0%         N/A       99%         3
 Teleport Other           Tloc           0%         N/A       99%         3
 Vampiric Draining        Necr           0%         2d6       99%         3
 Airstrike                Air            0%         2d(0-16)  100%        4
 Cause Fear               Hex            0%         N/A       100%        4
 Dispel Undead            Necr           0%         3d6       100%        4
 Flame Wave               Conj/Fire      0%         2d4       100%        4
 Ice Form                 Ice/Tmut       0%         N/A       100%        4
 Leda's Liquefaction      Hex/Erth       0%         N/A       100%        4
 Petrify                  Tmut/Erth      0%         N/A       100%        4
 Sticky Flame             Conj/Fire      0%         2d3       100%        4
 Agony                    Necr           0%         N/A       100%        5
 Alistair's Intoxication  Tmut/Pois      0%         N/A       100%        5
 Blade Hands              Tmut           0%         N/A       100%        5
 Borgnjor's Vile Clutch   Necr/Erth      0%         N/A       100%        5
 Fireball                 Conj/Fire      0%         3d3       100%        5
 Freezing Cloud           Conj/Ice/Air   0%         6-21      100%        5
 Irradiate                Conj/Tmut      0%         3d11      100%        5
 Iskenderun's Battlesphe  Conj           0%         2d6       100%        5
 Eringya's Noxious Bog    Tmut/Pois      0%         N/A       100%        6
 Iron Shot                Conj/Erth      0%         9d1       100%        6
 Plasma Beam              Fire/Air       0%         2x1d11    100%        6
 Starburst                Conj/Fire      0%         6d3       100%        6
 Statue Form              Tmut/Erth      0%         N/A       100%        6
 Dragon Form              Tmut           0%         N/A       100%        7
 Ignition                 Fire           0%         3d3       100%        8
 Lehudib's Crystal Spear  Conj/Erth      0%         10d2      100%        8
 Polar Vortex             Ice            0%         N/A       100%        9
 Shatter                  Erth           0%         3d5*      100%        9
 Call Canine Familiar     Summ           Unusable   N/A       N/A         3
 Summon Lightning Spire   Summ/Air       Unusable   N/A       N/A         4
 Summon Cactus Giant      Summ           Unusable   N/A       N/A         6
 Spellforged Servitor     Conj/Summ      Unusable   N/A       N/A         7
 Summon Hydra             Summ           Unusable   N/A       N/A         7
 Dragon's Call            Summ           Unusable   N/A       N/A         9

Dungeon Overview and Level Annotations

Branches:
Dungeon (15/15)            Temple (1/1) D:4            Lair (5/5) D:10
  Swamp (4/4) Lair:3        Snake (4/4) Lair:3        Slime (0/5) Lair:4
    Orc (2/2) D:11            Elf (3/3) Orc:2        Vaults (5/5) D:13
  Crypt (3/3) Vaults:2       Tomb (0/3) Crypt:3      Depths (4/4) D:15
   Hell (visited)             Zot (5/5) Depths:4      Sewer (visited)
  IceCv (visited)         Desolation (visited)
    Dis: Hell:1         Geh: Hell:1         Coc: Hell:1         Tar: Hell:1

Altars:
Ashenzari
Cheibriados
Dithmenos
Elyvilon
Fedhas
Gozag
Hepliaklqana
Kikubaaqudgha
Makhleb
Nemelex Xobeh
Okawaru
Qazlal
Ru
Sif Muna
Trog
Uskayaw
Vehumet
Wu Jian
Xom
Yredelemnul
Zin
The Shining One

Shops:
D:5 !   Orc:2 ([[:   Elf:3 (?(   Vaults:2 *

Portals:
Hell: Depths:1 Depths:2 Depths:3 Depths:4
Abyss: Swamp:2 Depths:2 Depths:3
Pandemonium: Depths:1 Depths:2 Depths:3
Ziggurat: Depths:3

Annotations:
Swamp:2 2 transporters, Gokhumny's ghost, adept GnFi
Depths:3 exclusions: 2 daevas and 2 more exclusions


Innate Abilities, Weirdness & Mutations

You have a pair of horns on your head.
You reflexively headbutt those who attack you in melee.
You are dopey. (Int -2)
Your magical capacity is very low. (-20% MP)
You do not regenerate when monsters are visible.
You are often teleported next to monsters.
You are weak. (Str -2)
You sometimes lose the ability to drink potions when taking damage.


Message History

The Orb Guardian is lightly wounded.
You slash the Orb Guardian! You freeze the Orb Guardian.
You block the Orb Guardian's attack.
The ancient lich gestures wildly while chanting.
The ancient lich seems to speed up.
You block the Orb Guardian's attack.
The Orb Guardian enters a dispersal trap!
The Orb Guardian blinks! x8; The death cob blinks!
The Orb Guardian blinks! x3
The orb of fire blinks!
You blink.
The Orb Guardian blinks!
The Orb Guardian enters a dispersal trap!
The orb of fire blinks! x3; The Orb Guardian blinks! x3; You blink.
The Orb Guardian blinks!
The orb of fire glows deep purple.
The bolt of fire hits you! You resist.
* * * LOW HITPOINT WARNING * * *
You cannot drink potions in your current state!
Unknown command.
The Orb Guardian drops a net on you.
You become entangled in the net!
The orb of fire glows bright magenta.
The bolt of fire misses you.
You see here a throwing net.
You struggle against the net.
The Killer Klown blinks!
The orb of fire glows yellow.
The bolt of fire hits you! You resist.
* * * LOW HITPOINT WARNING * * *
The Orb Guardian hits you!!
* * * LOW HITPOINT WARNING * * *
The orb of fire glows bright magenta.
The bolt of fire hits you! You resist.
* * * LOW HITPOINT WARNING * * *
You tear a large gash into the net.
You feel strangely unstable.
You are yanked towards some nearby monsters!
Your surroundings suddenly seem different.
Found a trident.
Your surroundings suddenly seem different.
A white draconian and a yellow draconian annihilator come into view.
An Orb Guardian comes into view.
A green draconian comes into view. It is wielding a +0 halberd.
The yellow draconian annihilator points at you and mumbles some strange words.
The iron shot hits you!!!
You die...

******* #......^.X.....,,,,,,,,,,
,,,,,,**▓...............,,,,^,,,,
,,,,,^,*▓...............,,,,,,,,*
,,,,,,,,▓...............,,,,,,,**
,,,,,,,,................,,,,,,**
,,,,,,^,▓..............d,,,,,,,**
,,,,,,,*▓...............,,,,,,,,*
,,,,,,**▓..........qd...,,,,,,,,,
******* ▓....^..@..^....,,,,,,,,,
▓▓......^.......,,,,,,,,*
▓▓▓............,,,^^,,**
▓▓▓▓.........,,,,****
▓▓▓▓▓▓▓▓▓▓*****


You could see a green draconian, a white draconian and a yellow draconian
annihilator.

Vanquished Creatures
  A dread lich (Vaults:5)
  An orb of fire (Zot:5)
  Tiamat (Zot:2)
  Mennas (Depths:4)
  3 ancient liches
  Josephina (Depths:4)
  5 Killer Klowns
  Saint Roka (Crypt:1)
  the Lernaean hydra (Swamp:4)
  2 curse toes
  Geryon (Hell)
  The ghost of Boiggue the Spry, a veteran KoVM of Elyvilon (Depths:4)
  7 golden dragons
  4 caustic shrikes (Depths:4)
  A profane servitor (Abyss:3)
  Jory (Crypt:1)
  4 bone dragons
  A Tzitzimitl (Depths:3)
  4 electric golems
  18 tentacled monstrosities
  A lich (Vaults:5)
  9 Orb Guardians (Zot:5)
  Jorgrun (Elf:2)
  3 deep elf blademasters
  8 titans (Vaults:5)
  2 deep elf master archers (Elf:3)
  3 Executioners (Depths:3)
  6 ancient champions
  9 quicksilver dragons
  9 death cobs
  7 sphinxes
  16 storm dragons
  The ghost of sleeves the Convoker, an adept BaSu of Sif Muna (Snake:3)
  5 tengu reavers
  A thorn hunter (Swamp:4)
  9 shadow dragons
  Donald (Swamp:1)
  Roxanne (D:15)
  6 nagarajas
  A revenant (Crypt:3)
  10 draconian monks
  Aizul (Elf:2)
  3 deep elf sorcerers
  3 fire giants
  11 draconian knights
  A balrug (Depths:1)
  5 draconian shifters
  10 frost giants
  10 draconian scorchers
  Louise (D:15)
  3 juggernaut zombies (Depths:3)
  2 ghost moths
  2 imperial myrmidons (Desolation)
  A spectral juggernaut (Depths:3)
  19 vault wardens
  2 caustic shrike zombies
  5 deep elf elementalists (Elf:3)
  15 draconian annihilators
  3 draconian stormcallers
  6 ghouls (Crypt:1)
  2 reapers
  10 ironbound preservers
  4 war gargoyles (Vaults:5)
  2 cacodemons
  A juggernaut skeleton (Crypt:3)
  8 ironbound thunderhulks
  19 very ugly things
  3 orc warlords
  16 stone giants
  5 caustic shrike skeletons (Crypt:3)
  7 deep elf demonologists
  An elemental wellspring (Hell)
  16 green draconians
  9 vampire knights
  Nessos (D:13)
  10 dire elephants
  17 black draconians
  3 eleionomae
  14 white draconians
  A putrid mouth (Depths:1)
  6 deep elf annihilators (Elf:3)
  14 purple draconians
  2 bunyips
  15 red draconians
  Snorg (Orc:1)
  13 yellow draconians
  6 spark wasps
  A blizzard demon (Depths:3)
  10 deep elf death magi
  11 ettins
  2 spectral quicksilver dragons (Depths:3)
  4 crystal guardians
  2 spectral golden dragons (Depths:3)
  4 great orbs of eyes
  6 fire dragons
  12 yaktaur captains
  2 ragged hierophants
  5 entropy weavers
  A shambling mangrove (Swamp:1)
  6 deep elf high priests
  2 salamander tyrants
  9 ice dragons
  A quicksilver dragon skeleton (Depths:3)
  18 hydras
  A hell beast (Depths:1)
  2 servants of whispers (Desolation)
  A catoblepas (Lair:5)
  30 vault guards
  3 peacekeepers
  A merfolk avatar (Lair:5)
  8 ironbound frosthearts
  A juggernaut simulacrum (Depths:4)
  4 rakshasas
  3 death knights
  2 spectral sphinxes (Depths:3)
  2 ghost crabs (Swamp:3)
  3 spriggan air magi (Depths:2)
  4 centaur warriors
  3 anacondas
  2 boulder beetles
  An alligator snapping turtle (shapeshifter) (Vaults:5)
  A spectral frost giant (Depths:3)
  A boulder beetle (shapeshifter) (Vaults:5)
  17 naga warriors
  11 alligators
  13 tengu warriors
  9 deep troll shamans
  A two-headed ogre (D:14)
  3 death yaks (Lair:2)
  4 vampire magi
  3 orc high priests
  A bennu skeleton (Crypt:1)
  A titan zombie (Crypt:2)
  29 dancing weapons
  7 deep troll earth magi
  A shock serpent (shapeshifter) (Vaults:3)
  6 shock serpents
  13 naga sharpshooters
  5 soul eaters
  2 spriggan berserkers
  11 deep elf knights
  A sun demon (Hell)
  9 iron trolls
  3 thrashing horrors (Abyss:3)
  3 skysharks (shapeshifter)
  A spectral storm dragon (Depths:3)
  6 hell knights (Depths:3)
  5 shadow wraiths
  3 sixfirhies
  A spatial maelstrom (Abyss:3)
  4 salamander mystics
  Amaemon (D:8)
  24 skeletal warriors
  A golden dragon zombie (Depths:3)
  3 spriggan druids
  A bunyip zombie (Crypt:3)
  3 skysharks (Lair:5)
  4 glowing orange brains
  5 titan skeletons
  2 quicksilver dragon simulacra
  4 goliath frogs
  A storm dragon skeleton (Depths:3)
  3 sea snakes
  9 swamp dragons
  A flayed ghost (Crypt:3)
  An orange crystal statue (IceCv)
  4 naga ritualists
  10 wizards
  2 anaconda skeletons (Crypt:3)
  41 deep trolls
  4 bog bodies
  2 spriggan simulacra
  A bunyip skeleton (Crypt:3)
  7 deep elf archers
  10 phantasmal warriors
  19 lindwurms
  A wolf spider zombie (D:15)
  13 deep elf zephyrmancers
  A shadow dragon zombie (Depths:3)
  34 ugly things
  A tengu skeleton (Depths:3)
  11 mana vipers
  14 ironbound convokers
  12 orc knights
  15 salamanders
  22 deep elf pyromancers
  An oklob plant (Lair:2)
  2 manticores
  12 necromancers
  2 tengu zombies (Depths:3)
  5 orc sorcerers
  A stone giant zombie (Depths:2)
  2 will-o-the-wisps
  2 sphinx skeletons (Depths:3)
  A black mamba (shapeshifter) (Abyss:3)
  28 moths of wrath
  A worldbinder (Abyss:3)
  A cyclops (D:14)
  Maurice (Orc:1)
  A guardian serpent (Snake:3)
  2 rust devils
  19 elephants
  An iron dragon skeleton (Depths:1)
  15 vault sentinels
  An ice statue (Depths:3)
  A dire elephant zombie (Crypt:1)
  A demonic crawler (Hell)
  A frost giant skeleton (Depths:2)
  32 black mambas
  A centaur zombie (D:15)
  A gargoyle (D:11)
  Joseph (D:7)
  A smoke demon (Abyss:3)
  2 stone giant skeletons (Crypt:3)
  A dire elephant skeleton (Crypt:3)
  25 naga magi
  4 titan simulacra
  2 orange demons
  7 storm dragon simulacra (IceCv)
  13 cane toads
  An efreet (Abyss:3)
  A centaur skeleton (Crypt:3)
  A yellow draconian zombie (Crypt:3)
  2 unseen horrors (D:12)
  47 yaktaurs
  2 kobold demonologists (D:11)
  5 tormentors (Depths:3)
  2 alligator snapping turtle skeletons (Crypt:3)
  3 rime drakes
  3 komodo dragons (Lair:5)
  A grey draconian skeleton (Crypt:3)
  4 tengu conjurers
  A mana viper zombie (Crypt:2)
  A hydra zombie (Crypt:2)
  3 freezing wraiths
  An ancient zyme (Abyss:3)
  2 red devils (Depths:3)
  7 tyrant leeches
  A minotaur skeleton (Crypt:2)
  7 trolls
  4 golden dragon simulacra (IceCv)
  4 polar bears
  3 meliai (D:15)
  2 harpy skeletons (Crypt:3)
  A tarantella (D:14)
  A queen bee (shapeshifter) (Vaults:5)
  A shadow dragon simulacrum (Hell)
  17 saltlings (Desolation)
  A spriggan zombie (Depths:1)
  11 hornets
  A hydra skeleton (Crypt:3)
  3 large abominations (Abyss:3)
  2 raiju (Abyss:3)
  3 blink frogs (Lair:3)
  A centaur simulacrum (D:15)
  A jumping spider (Vaults:3)
  A culicivora (Vaults:1)
  11 slime creatures
  9 spriggans
  2 shadows (D:11)
  2 ynoxinuls (Depths:3)
  An ettin skeleton (Crypt:3)
  6 water elementals
  31 yaks
  4 wyverns
  3 spriggan skeletons
  5 fire elementals (Elf:1)
  26 humans
  A tyrant leech zombie (Crypt:2)
  5 wraiths
  10 redbacks
  A chaos spawn (Abyss:3)
  A redback simulacrum (D:15)
  4 basilisks
  6 steam dragons
  A deep troll zombie (Crypt:1)
  17 swamp worms
  13 vampire mosquitoes
  2 spatial vortices (Abyss:3)
  7 wargs
  A cane toad zombie (Crypt:1)
  2 glowing shapeshifter zombies
  33 nagas
  2 nagas (shapeshifter)
  7 water moccasins
  A deep troll skeleton (Crypt:1)
  A naga skeleton (Crypt:3)
  A glowing shapeshifter skeleton (Depths:3)
  14 swamp drakes
  A black bear (D:5)
  40 orc warriors
  6 ice dragon simulacra (IceCv)
  4 ogres
  An ice beast (D:6)
  A boggart (Elf:1)
  A sky beast (D:8)
  15 wolves
  A blink frog skeleton (Crypt:1)
  A hog zombie (Crypt:1)
  An elephant skeleton (Crypt:3)
  3 phantoms
  6 centaurs
  A vine stalker zombie (Crypt:3)
  13 bullfrogs
  A necrophage (Crypt:1)
  4 kobold brigands
  3 gnoll sergeants
  A scorpion (D:4)
  19 wights
  A warg zombie (Crypt:1)
  4 lindwurm simulacra (IceCv)
  3 killer bees (D:9)
  A yak skeleton (Crypt:2)
  4 electric eels
  4 howler monkeys (D:9)
  2 hounds
  5 jellies
  36 orc priests
  3 sleepcaps
  A gnoll bouda (D:5)
  4 iguanas
  28 orc wizards
  A boggart skeleton (D:15)
  An ogre skeleton (Crypt:2)
  26 gnolls
  4 adders
  A shadow imp (D:6)
  A white imp (D:7)
  2 ufetubi (D:6)
  A lava snake skeleton (Crypt:2)
  2 dart slugs (D:4)
  85 orcs
  6 bats
  5 endoplasms
  5 giant cockroaches
  8 goblins
  8 hobgoblins
  4 jackals (D:1)
  9 quokkas
  6 ball pythons
  A frilled lizard (D:1)
  A gnoll skeleton (Crypt:1)
  A hobgoblin zombie (Crypt:2)
  22 kobolds
  5 rats
2103 creatures vanquished.

Vanquished Creatures (others)
  A deep elf sorcerer (Elf:3)
  A deep elf annihilator (Elf:3)
  A manticore (Lair:5)
  A guardian serpent (Desolation)
  2 bloated husks (Swamp:3)
  An orc warrior (Vaults:5)
  A kobold (D:8)
  2 foxfires (Swamp:2)
  37 fungi
  91 plants
138 creatures vanquished.

Grand Total: 2241 creatures vanquished

Notes
Turn   | Place    | Note
-------+----------+-------------------------------------------
     0 | D:1      | Wired the Minotaur Fighter began the quest for the Orb.
     0 | D:1      | Reached XP level 1. HP: 19/19 MP: 0/0
    67 | D:1      | Reached skill level 3 in Axes
    77 | D:1      | Reached XP level 2. HP: 26/26 MP: 1/1
   312 | D:1      | Reached skill level 4 in Axes
   356 | D:1      | Reached XP level 3. HP: 33/33 MP: 2/2
   820 | D:2      | Reached XP level 4. HP: 19/40 MP: 3/3
  1026 | D:2      | Found a faded altar of an unknown god.
  1645 | D:3      | Found a sacrificial altar of Ru.
  1772 | D:3      | Found a snail-covered altar of Cheibriados.
  2203 | D:4      | Reached skill level 1 in Throwing
  2203 | D:4      | Reached XP level 5. HP: 46/46 MP: 4/4
  2471 | D:4      | Reached skill level 5 in Axes
  2740 | D:4      | Found a staircase to the Ecumenical Temple.
  2883 | D:4      | Reached XP level 6. HP: 53/53 MP: 5/5
  2955 | Temple   | Entered the Ecumenical Temple
  3030 | Temple   | Became a worshipper of Warmaster Okawaru
  3380 | D:5      | Entered Level 5 of the Dungeon
  3395 | D:5      | Reached skill level 1 in Invocations
  3502 | D:5      | Reached skill level 5 in Armour
  3502 | D:5      | Reached skill level 1 in Dodging
  3502 | D:5      | Reached skill level 1 in Evocations
  3502 | D:5      | Reached XP level 7. HP: 58/60 MP: 5/7
  3599 | D:5      | Reached * piety under Okawaru
  3600 | D:5      | Reached skill level 5 in Fighting
  3621 | D:5      | Reached skill level 5 in Shields
  3798 | D:5      | Found Zainkoy's Distillery.
  3800 | D:5      | Found a glowing drain.
  3828 | Sewer    | Entered a sewer
  4160 | D:5      | Bought a potion of heal wounds for 65 gold pieces
  4160 | D:5      | Bought a potion of heal wounds for 65 gold pieces
  4160 | D:5      | Bought a potion of curing for 39 gold pieces
  4160 | D:5      | Bought a potion of curing for 39 gold pieces
  4251 | D:5      | Found a glowing silver altar of Zin.
  4251 | D:5      | Found a basalt altar of Yredelemnul.
  4280 | D:5      | Found a faded altar of an unknown god.
  4282 | D:5      | Found an ornate altar of the Wu Jian Council.
  4288 | D:5      | Reached skill level 6 in Axes
  4295 | D:5      | Found a broken altar of Ashenzari.
  4487 | D:6      | Reached XP level 8. HP: 69/69 MP: 9/9
  4724 | D:6      | Found a hide-covered altar of Uskayaw.
  5075 | D:6      | Reached ** piety under Okawaru
  5076 | D:6      | Reached skill level 7 in Axes
  5434 | D:7      | Noticed Joseph
  5442 | D:7      | Killed Joseph
  5524 | D:7      | Reached XP level 9. HP: 60/75 MP: 10/10
  5540 | D:7      | Reached *** piety under Okawaru
  5664 | D:7      | Reached skill level 8 in Axes
  6026 | D:7      | Found a burning altar of Makhleb.
  6301 | D:8      | Reached **** piety under Okawaru
  6462 | D:8      | Noticed Amaemon
  6465 | D:8      | Noticed an orange demon
  6667 | D:8      | Reached skill level 9 in Axes
  6672 | D:8      | Reached XP level 10. HP: 48/86 MP: 12/12
  6674 | D:8      | Reached skill level 5 in Invocations
  6679 | D:8      | Reached ***** piety under Okawaru
  6679 | D:8      | Received a gift from Okawaru
  6858 | D:8      | Killed Amaemon
  6859 | D:8      | Reached skill level 5 in Throwing
  6864 | D:8      | Killed an orange demon
  7632 | D:9      | Reached skill level 10 in Axes
  8062 | D:10     | Entered Level 10 of the Dungeon
  8116 | D:10     | Received a gift from Okawaru
  8196 | D:10     | Found a staircase to the Lair.
  8213 | Lair:1   | Entered Level 1 of the Lair of Beasts
  8500 | Lair:1   | Noticed a cane toad
  8511 | Lair:1   | Killed a cane toad
  8914 | Lair:1   | Received a gift from Okawaru
  8915 | Lair:1   | Reached XP level 11. HP: 78/94 MP: 14/14
  9192 | Lair:2   | Noticed a boulder beetle
  9192 | Lair:2   | Noticed a death yak
  9257 | Lair:2   | Noticed a death yak
  9467 | Lair:2   | Noticed a death yak
  9483 | Lair:2   | Killed a death yak
  9491 | Lair:2   | Killed a death yak
  9492 | Lair:2   | Reached skill level 11 in Axes
  9492 | Lair:2   | Reached skill level 5 in Evocations
  9501 | Lair:2   | Killed a death yak
  9501 | Lair:2   | Received a gift from Okawaru
  9849 | Lair:2   | Noticed an oklob plant
 10209 | Lair:2   | Killed a boulder beetle
 10427 | Lair:2   | Killed an oklob plant
 10687 | Lair:3   | Found a staircase to the Snake Pit.
 10791 | Lair:3   | Received a gift from Okawaru
 10963 | Lair:3   | Noticed a bog body
 10970 | Lair:3   | Killed a bog body
 10970 | Lair:3   | Received a gift from Okawaru
 11221 | Lair:3   | Noticed a seven-headed hydra
 11229 | Lair:3   | Killed a seven-headed hydra
 11230 | Lair:3   | Reached skill level 12 in Axes
 11427 | Lair:3   | Reached XP level 12. HP: 102/104 MP: 16/16
 11563 | Lair:3   | Received a gift from Okawaru
 11826 | Lair:3   | Identified the +8 rapier of Big Ycku {venom, rN+ Will+
                  | Str-5 Int+3}
 11983 | Lair:3   | Found a staircase to the Swamp.
 12641 | Lair:4   | Found a staircase to the Slime Pits.
 12646 | Lair:4   | Received a gift from Okawaru
 12867 | Lair:4   | Received a gift from Okawaru
 13383 | Lair:4   | Reached skill level 13 in Axes
 13386 | Lair:4   | Received a gift from Okawaru
 13387 | Lair:4   | Reached skill level 10 in Armour
 13583 | Lair:5   | Entered Level 5 of the Lair of Beasts
 13583 | Lair:5   | Noticed a five-headed hydra
 13590 | Lair:5   | Killed a seven-headed hydra
 13591 | Lair:5   | Reached skill level 10 in Shields
 13600 | Lair:5   | Reached skill level 10 in Fighting
 13776 | Lair:5   | Reached ****** piety under Okawaru
 13822 | Lair:5   | Noticed a catoblepas
 13835 | Lair:5   | Killed a catoblepas
 13898 | Lair:5   | Received a gift from Okawaru
 13932 | Lair:5   | Reached XP level 13. HP: 81/113 MP: 18/18
 14286 | Lair:5   | Reached skill level 14 in Axes
 14684 | Lair:5   | Identified the +4 battleaxe of Certain Death {freeze, *Slow
                  | rN+++ Str-5 Stlth+}
 16238 | D:11     | Identified the +1 battleaxe of the Warrior-Mage {chaos,
                  | Int+2} (Okawaru gifted it to you on level 11 of the
                  | Dungeon)
 16238 | D:11     | Received a gift from Okawaru
 16298 | D:11     | Found a staircase to the Orcish Mines.
 16916 | D:12     | Identified a scroll of acquirement
 16917 | D:12     | Acquired the ring "Sofuiteh" {Will+ AC+4 Int+5}
 17632 | D:13     | Noticed Nessos
 17648 | D:13     | Killed Nessos
 17649 | D:13     | Reached skill level 15 in Axes
 18224 | D:13     | Identified the +0 robe "Goiziuwi" {rElec Str+2 Archmagi}
                  | (Okawaru gifted it to you on level 13 of the Dungeon)
 18224 | D:13     | Received a gift from Okawaru
 18362 | D:13     | Reached XP level 14. HP: 117/124 MP: 19/19
 18380 | D:13     | Found a gate to the Vaults.
 20126 | D:14     | Reached skill level 16 in Axes
 20237 | D:14     | Identified the +1 leather armour of Modesty {Will+ Int+3}
 20566 | D:15     | Entered Level 15 of the Dungeon
 20980 | D:15     | HP: 1/126 [meliai/divine providence (14)]
 21348 | D:15     | Received a gift from Okawaru
 21631 | D:15     | Reached skill level 10 in Invocations
 21666 | D:15     | Noticed Louise
 21676 | D:15     | Killed Louise
 21700 | D:15     | Identified Roxanne's Codex of Metal
 21700 | D:15     | Noticed Roxanne
 21718 | D:15     | Killed Roxanne
 21920 | D:15     | Found a blossoming altar of Fedhas.
 21933 | D:15     | Identified the +0 war axe of the Cup {heavy, rN+} (Okawaru
                  | gifted it to you on level 15 of the Dungeon)
 21933 | D:15     | Received a gift from Okawaru
 21934 | D:15     | Reached skill level 10 in Throwing
 22015 | D:15     | Reached skill level 17 in Axes
 22126 | D:15     | Found a staircase to the Depths.
 22833 | Orc:1    | Entered Level 1 of the Orcish Mines
 22833 | Orc:1    | Noticed Maurice
 22843 | Orc:1    | Killed Maurice
 22844 | Orc:1    | Reached XP level 15. HP: 118/132 MP: 21/21
 23131 | Orc:1    | Noticed Snorg
 23140 | Orc:1    | Killed Snorg
 23564 | Orc:2    | Entered Level 2 of the Orcish Mines
 23700 | Orc:2    | Found a staircase to the Elven Halls.
 23917 | Orc:2    | Identified the +0 scale mail of Goipsott {Harm} (Okawaru
                  | gifted it to you on level 2 of the Orcish Mines)
 23917 | Orc:2    | Received a gift from Okawaru
 23918 | Orc:2    | Reached skill level 18 in Axes
 23930 | Orc:2    | Found Guhuges's Antique Weapon Emporium.
 24019 | Orc:2    | Found Booshais's Antique Armour Shoppe.
 24158 | Orc:2    | Found Gajion's Book Emporium.
 24293 | Orc:2    | Found Xiphulua's Armour Shoppe.
 24358 | Orc:2    | Bought the +6 plate armour "Golutaap" {Contam rElec rCorr
                  | Str+3} for 1099 gold pieces
 24801 | Snake:1  | Entered Level 1 of the Snake Pit
 25281 | Snake:1  | Reached skill level 15 in Shields
 25596 | Snake:2  | Noticed a nagaraja
 25613 | Snake:2  | Killed a nagaraja
 26416 | Swamp:1  | Entered Level 1 of the Swamp
 26540 | Swamp:1  | Received a gift from Okawaru
 26731 | Swamp:1  | Noticed Donald
 26743 | Swamp:1  | Killed Donald
 27192 | Swamp:1  | Received a gift from Okawaru
 27555 | Swamp:2  | Reached XP level 16. HP: 122/141 MP: 21/23
 27675 | Swamp:2  | Found a transporter.
 27694 | Swamp:2  | Noticed an Executioner
 27760 | Swamp:2  | Found a transporter.
 27767 | Swamp:2  | Found a one-way gate to the infinite horrors of the Abyss.
 27773 | Swamp:2  | Noticed a tentacled starspawn
 27831 | Swamp:2  | Noticed Gokhumny's ghost (adept GnFi)
 27927 | Swamp:2  | Received a gift from Okawaru
 27978 | Swamp:2  | Noticed a tentacled monstrosity
 28216 | Swamp:2  | Killed a tentacled monstrosity
 28484 | Swamp:3  | Found a frozen archway.
 28501 | IceCv    | Entered an ice cave
 28924 | IceCv    | Received a gift from Okawaru
 29345 | IceCv    | HP: 3/144 [something/shard of ice (17)]
 29595 | IceCv    | Got the Papyrus of Algor
 29610 | IceCv    | Identified the ring of Internal Strife {Fly rElec rF+
                  | Str+2}
 31616 | Snake:3  | Received a gift from Okawaru
 31616 | Snake:3  | Found the +2 cloak of the Thief {*Fog Slay-2 SInv Stlth+}
 31777 | Snake:3  | Identified the +0 kite shield "Wiuweplu" {Str+6 Int+7}
 31921 | Snake:3  | Found a bloodstained altar of Trog.
 31921 | Snake:3  | Noticed sleeves's ghost (adept BaSu)
 31941 | Snake:3  | Found a transporter.
 31943 | Snake:3  | Found a transporter.
 32211 | Snake:3  | Identified the +0 cloak of Vlad {*Slow Int+4}
 32214 | Snake:3  | Reached skill level 10 in Evocations
 32227 | Snake:3  | Killed sleeves's ghost
 32557 | Swamp:4  | Entered Level 4 of the Swamp
 32717 | Swamp:4  | Noticed a thorn hunter
 33017 | Swamp:4  | Noticed a tentacled monstrosity
 33027 | Swamp:3  | Killed a tentacled monstrosity
 33105 | Swamp:3  | Reached XP level 17. HP: 81/152 MP: 16/25
 34328 | Swamp:4  | Reached skill level 15 in Fighting
 34556 | Swamp:4  | Noticed the 27-headed Lernaean hydra
 34583 | Swamp:4  | Killed the 27-headed Lernaean hydra
 34870 | Swamp:4  | Got a decaying rune of Zot
 35057 | Snake:4  | Entered Level 4 of the Snake Pit
 35232 | Snake:4  | Received a gift from Okawaru
 35467 | Snake:4  | Received a gift from Okawaru
 35820 | Snake:4  | Received a gift from Okawaru
 36235 | Snake:4  | Reached skill level 15 in Armour
 36529 | Snake:4  | Received a gift from Okawaru
 36890 | Snake:4  | Received a gift from Okawaru
 37089 | Snake:4  | Received a gift from Okawaru
 37388 | Snake:4  | Received a gift from Okawaru
 37754 | Snake:4  | Got a serpentine rune of Zot
 38096 | Vaults:1 | Entered Level 1 of the Vaults
 38200 | Vaults:1 | Reached XP level 18. HP: 155/163 MP: 26/26
 38208 | Vaults:1 | Reached skill level 15 in Throwing
 39333 | Vaults:2 | Identified the +1 chain mail "Damnable Contraption" {Harm
                  | rN+ Dex-5 SInv} (Okawaru gifted it to you on level 2 of the
                  | Vaults)
 39333 | Vaults:2 | Received a gift from Okawaru
 39499 | Vaults:2 | Found a staircase to the Crypt.
 39499 | Vaults:2 | Found an ancient bone altar of Kikubaaqudgha.
 39499 | Vaults:2 | Found a basalt altar of Yredelemnul.
 40168 | Vaults:2 | Found Vejif's General Store.
 40178 | Vaults:2 | You are sucked into a shaft and drop 2 floors!
 40515 | Vaults:4 | Found a crumbling gateway.
 40519 | Desolati | Entered the Desolation of Salt
 40580 | Desolati | HP: 6/166 [ragged hierophant/a resonance strike (17)]
 40582 | Arena    | Entered the Arena
 40622 | Desolati | Received a gift from Okawaru
 40626 | Desolati | Identified the +8 flail of the Evil Eye {flame, Drain Str+6
                  | Stlth+}
 40976 | Vaults:4 | Received a gift from Okawaru
 40985 | Vaults:4 | Identified the +0 pair of boots "Ustrodok" {Int+2 Dex+4}
 41118 | Vaults:4 | Reached XP level 19. HP: 32/172 MP: 27/27
 41558 | Vaults:4 | Paralysed by a sphinx for 4 turns
 41778 | Vaults:3 | Identified the +2 lajatang "Nuimemux" {freeze, Drain rPois
                  | Will+ Stlth+}
 42509 | Vaults:2 | Found a portal to a secret trove of treasure.
 42518 | Vaults:2 | You paid a toll of 6 potions of haste to enter a treasure
                  | trove
 42519 | Trove    | Entered a treasure trove
 42546 | Trove    | Identified the +14 crystal plate armour of Boimaz Nume
                  | {Str+2}
 42557 | Trove    | Identified the +5 cloak "Westet" {rF+ Regen+ Int-3}
 42618 | Vaults:2 | Gained mutation: You sometimes lose your temper in combat.
                  | [mutagenic glow]
 42871 | Vaults:3 | Lost mutation: You sometimes lose your temper in combat.
                  | [potion of mutation]
 42871 | Vaults:3 | Gained mutation: You have sharp toenails. [potion of
                  | mutation]
 42871 | Vaults:3 | Gained mutation: You are dopey. (Int -2) [potion of
                  | mutation]
 42899 | Vaults:3 | Lost mutation: You are dopey. (Int -2) [potion of mutation]
 42899 | Vaults:3 | Lost mutation: You have sharp toenails. [potion of
                  | mutation]
 42899 | Vaults:3 | Gained mutation: You are frail. (-10% HP) [potion of
                  | mutation]
 42899 | Vaults:3 | Gained mutation: You are agile. (Dex +4, Str/Int -1)
                  | [potion of mutation]
 42899 | Vaults:3 | Lost mutation: You are frail. (-10% HP) [potion of
                  | mutation]
 42899 | Vaults:3 | Gained mutation: You have hidden genetic potential. [potion
                  | of mutation]
 43017 | Vaults:3 | Received a gift from Okawaru
 43919 | Vaults:4 | Identified the +1 robe "Yngifed" {Rampage +Blink Fly}
 44235 | Vaults:4 | Received a gift from Okawaru
 44735 | Elf:1    | Entered Level 1 of the Elven Halls
 45140 | Abyss:2  | Cast into level 2 of the Abyss (a deep elf sorcerer)
 45204 | Abyss:3  | Found a corrupted altar of Lugonu.
 45386 | Abyss:3  | Noticed a profane servitor
 45409 | Abyss:3  | Killed a profane servitor
 45422 | Abyss:3  | Gained mutation: You occasionally lose the ability to drink
                  | potions when taking damage. [a cacodemon]
 45435 | Elf:1    | Escaped the Abyss
 45442 | Elf:1    | Reached XP level 20. HP: 167/172 MP: 29/29
 45554 | Elf:1    | Lost mutation: You occasionally lose the ability to drink
                  | potions when taking damage. [potion of mutation]
 45554 | Elf:1    | Lost mutation: You have hidden genetic potential. [potion
                  | of mutation]
 45554 | Elf:1    | Gained mutation: Your magical capacity is low. (-10% MP)
                  | [potion of mutation]
 45930 | Elf:2    | Noticed Jorgrun
 45941 | Elf:2    | Killed Jorgrun
 45986 | Elf:2    | Noticed Aizul
 46004 | Elf:2    | Killed Aizul
 46121 | Elf:2    | Reached skill level 1 in Maces & Flails
 46342 | Elf:2    | Identified the +5 war axe of Hiodudiki {speed, Fly rPois}
                  | (Okawaru gifted it to you on level 2 of the Elven Halls)
 46342 | Elf:2    | Received a gift from Okawaru
 46383 | Elf:2    | Found a runed translucent gate.
 46384 | Elf:2    | Found a runed translucent gate.
 46385 | Elf:2    | Found a runed translucent gate.
 46477 | Elf:3    | Entered Level 3 of the Elven Halls
 46828 | Elf:3    | Found Heupsul's Antique Weapon Shoppe.
 46828 | Elf:3    | Found Qetun's Magic Scroll Emporium.
 46831 | Elf:3    | Found Ufoc Oni's Antique Weapon Shoppe.
 47184 | Elf:3    | Identified the +2 scimitar "Qosiet" {drain, rPois rF+ Int+3
                  | Dex+2}
 47184 | Elf:3    | Identified the ring "Wijong" {rC+ Str+6 Int+3}
 47264 | Elf:3    | Identified the +1 quarterstaff "Ivighi Yclac" {heavy,
                  | Int+4}
 47313 | Elf:3    | Received a gift from Okawaru
 47313 | Elf:3    | Found the +8 frozen axe "Frostbite" {freeze, freezing
                  | cloud, *Noise Fly rC+}
 47438 | Elf:3    | Identified the staff of death "Navescha" {rC+ rN+ Stlth+}
 47537 | Elf:3    | Identified the ring "Hidul" {Fire rN+}
 47603 | Elf:3    | Identified the +1 robe of Complete Protection {Int+2 SInv}
 48473 | Depths:1 | Entered Level 1 of the Depths
 48565 | Depths:1 | Received a gift from Okawaru
 48721 | Depths:1 | Found a gateway to Hell.
 48757 | Depths:1 | Received a gift from Okawaru
 48846 | Depths:1 | Found a stormy altar of Qazlal.
 48988 | Depths:1 | Reached XP level 21. HP: 189/195 MP: 27/27
 49075 | Depths:1 | Found a one-way gate leading to the halls of Pandemonium.
 49623 | Depths:2 | Received a gift from Okawaru
 49694 | Depths:2 | Got the Omnibus of the Fifth Circle and Sinister Ceremonies
 49938 | Depths:2 | Reached skill level 19 in Axes
 50186 | Depths:2 | Reached skill level 15 in Invocations
 50839 | Depths:3 | Received a gift from Okawaru
 51053 | Depths:3 | Found an ancient bone altar of Kikubaaqudgha.
 51460 | Depths:3 | Found the ring of the Hare {EV+10}
 51567 | Depths:3 | Identified the +0 scale mail "Poubaq" {Rampage Will++ rCorr
                  | Dex-3}
 51770 | Depths:3 | Received a gift from Okawaru
 51796 | Depths:3 | Identified the +2 ring mail of the Hanged Man {rF+ Str+6}
 51949 | Depths:3 | Noticed a golden dragon
 52019 | Depths:3 | Received a gift from Okawaru
 52288 | Depths:3 | Found a gateway to a bazaar.
 52288 | Depths:3 | Found a one-way gateway to a ziggurat.
 52301 | Bazaar   | Entered a bazaar
 52350 | Bazaar   | Found Eppiy's Book Emporium.
 52395 | Bazaar   | Found Cetzuomu's Assorted Antiques.
 52399 | Bazaar   | Bought a scroll of enchant weapon for 255 gold pieces
 52415 | Bazaar   | Found Rorisis's Assorted Antiques.
 52428 | Bazaar   | Found Umeilom's Antique Armour Shoppe.
 52815 | Depths:3 | Killed a golden dragon
 53190 | Depths:4 | Entered Level 4 of the Depths
 53313 | Depths:4 | Noticed Mennas
 53390 | Depths:4 | Identified the +8 dagger of Hufergh {venom, rN+ Str+3}
 53417 | Depths:4 | Identified the +10 hand axe of Xenyrir {drain, rCorr Str+3
                  | Dex-3} (Okawaru gifted it to you on level 4 of the Depths)
 53417 | Depths:4 | Received a gift from Okawaru
 53420 | Depths:4 | Reached XP level 22. HP: 199/206 MP: 28/28
 53460 | Depths:4 | Noticed a caustic shrike
 53462 | Depths:4 | Noticed a caustic shrike
 53465 | Depths:4 | Noticed a caustic shrike
 53475 | Depths:4 | Killed a caustic shrike
 53477 | Depths:4 | Identified the ring "Wuamot" {Ice Int+4}
 53477 | Depths:4 | Noticed Josephina
 53483 | Depths:4 | Killed a caustic shrike
 53630 | Depths:4 | Noticed a caustic shrike
 53642 | Depths:4 | Killed a caustic shrike
 53672 | Depths:4 | Received a gift from Okawaru
 53672 | Depths:4 | Found a gate to the Realm of Zot.
 53881 | Depths:4 | Identified the +9 broad axe of Pyromania {freeze, Fly rPois
                  | Int+5 Dex-5} (Okawaru gifted it to you on level 4 of the
                  | Depths)
 53881 | Depths:4 | Received a gift from Okawaru
 54081 | Depths:4 | Killed Mennas
 54139 | Depths:4 | Killed a caustic shrike
 54217 | Depths:4 | Found a runed translucent door.
 54227 | Depths:4 | Noticed Boiggue's ghost (veteran KoVM)
 54312 | Depths:4 | Killed Boiggue's ghost
 54365 | Depths:4 | Received a gift from Okawaru
 54414 | Depths:4 | Killed Josephina
 55159 | Hell     | Entered the Vestibule of Hell
 55159 | Hell     | Noticed Geryon
 55180 | Hell     | Killed Geryon
 55573 | Vaults:5 | Entered Level 5 of the Vaults
 55573 | Vaults:5 | Noticed a dread lich
 55576 | Vaults:5 | Noticed an ancient lich
 55579 | Vaults:5 | Received a gift from Okawaru
 55579 | Vaults:5 | Found the +18 Lear's hauberk
 55709 | Vaults:5 | Reached skill level 20 in Axes
 55777 | Vaults:5 | Noticed an ancient lich
 55786 | Vaults:5 | Killed an ancient lich
 55806 | Vaults:5 | Killed an ancient lich
 55807 | Vaults:5 | Reached XP level 23. HP: 134/215 MP: 30/30
 55912 | Vaults:5 | Killed a dread lich
 56034 | Vaults:5 | Identified the +0 dagger "Gaytics" {freeze, Drain rPois rN+
                  | Int+7}
 56043 | Vaults:5 | Identified the +3 mace of Diuqiomp {vamp, *Corrode rElec
                  | rN+++ SInv}
 56142 | Vaults:5 | Received a gift from Okawaru
 56235 | Vaults:5 | Reached skill level 21 in Axes
 56427 | Vaults:5 | Got a silver rune of Zot
 56565 | Vaults:5 | Received a gift from Okawaru
 56877 | Vaults:5 | Identified the +5 war axe "Rephirch" {freeze, Will- Int+4}
 56925 | Vaults:5 | Identified the staff of poison "Vurif" {rPois rF+ rC+
                  | Will-}
 56926 | Vaults:5 | Identified the +0 falchion of Johipligg {venom, Dex+3
                  | Stlth+}
 57392 | Crypt:1  | Entered Level 1 of the Crypt
 57404 | Crypt:1  | Noticed Saint Roka
 57422 | Crypt:1  | Killed Saint Roka
 57961 | Crypt:1  | Noticed Jory
 57985 | Crypt:1  | Killed Jory
 57985 | Crypt:1  | Identified the +1 chain mail "Toblezodd" {Int+9} (Okawaru
                  | gifted it to you on level 1 of the Crypt)
 57985 | Crypt:1  | Received a gift from Okawaru
 58122 | Crypt:1  | Got the Handbook of the Salmon
 59437 | Crypt:3  | Entered Level 3 of the Crypt
 59621 | Crypt:3  | Identified the +4 plate armour of the Other Side {+Blink
                  | +Inv rN+}
 59747 | Crypt:3  | Reached skill level 22 in Axes
 59823 | Crypt:3  | Reached XP level 24. HP: 228/228 MP: 30/30
 59967 | Crypt:3  | Identified the amulet "Pyuphuhu" {Harm Regen+ Str+7 Dex-2
                  | SInv}
 59967 | Crypt:3  | Identified the ring "Wuacs" {rN+ SInv Stlth+}
 60509 | Crypt:3  | Found a staircase to the Tomb.
 60517 | Crypt:3  | Found a basalt altar of Yredelemnul.
 61022 | Crypt:3  | Noticed an ancient lich
 61030 | Crypt:3  | Killed an ancient lich
 61030 | Crypt:3  | Identified the +7 plate armour of the Thinker {MP+9 Int+4
                  | Dex-4 SInv} (Okawaru gifted it to you on level 3 of the
                  | Crypt)
 61030 | Crypt:3  | Received a gift from Okawaru
 61046 | Crypt:3  | Identified the +1 fire dragon scales of Heiw {+Blink rF++
                  | rC- rCorr}
 61415 | Depths:1 | Gained mutation: You are occasionally teleported next to
                  | monsters. [a cacodemon]
 61415 | Depths:1 | Gained mutation: You have hidden genetic defects. [a
                  | cacodemon]
 61690 | Zot:1    | Entered Level 1 of the Realm of Zot
 61825 | Zot:1    | Noticed a Killer Klown
 61840 | Zot:1    | Killed a Killer Klown
 61984 | Zot:1    | Noticed a Killer Klown
 62004 | Zot:1    | Killed a Killer Klown
 62009 | Zot:1    | Noticed a Killer Klown
 62019 | Zot:1    | Killed a Killer Klown
 62019 | Zot:1    | Gained mutation: Your body sometimes deteriorates upon
                  | taking damage. [hidden defects]
 62020 | Zot:1    | Reached skill level 23 in Axes
 62020 | Zot:1    | Lost mutation: You are agile. (Dex +4, Str/Int -1) [potion
                  | of mutation]
 62020 | Zot:1    | Lost mutation: You are occasionally teleported next to
                  | monsters. [potion of mutation]
 62020 | Zot:1    | Lost mutation: Your body sometimes deteriorates upon taking
                  | damage. [potion of mutation]
 62020 | Zot:1    | Gained mutation: Your muscles are strong. (Str +4, Int/Dex
                  | -1) [potion of mutation]
 62785 | Zot:2    | Found the +4 dragonskin cloak
 62785 | Zot:2    | Noticed Tiamat
 62806 | Zot:2    | Killed Tiamat
 62806 | Zot:2    | Gained mutation: You occasionally lose the ability to drink
                  | potions when taking damage. [hidden defects]
 62806 | Zot:2    | Lost mutation: You have hidden genetic defects. [hidden
                  | defects expressed]
 62927 | Zot:1    | Lost mutation: Your muscles are strong. (Str +4, Int/Dex
                  | -1) [potion of mutation]
 62927 | Zot:1    | Lost mutation: Your magical capacity is low. (-10% MP)
                  | [potion of mutation]
 62927 | Zot:1    | Gained mutation: Your magical capacity is low. (-10% MP)
                  | [potion of mutation]
 62927 | Zot:1    | Gained mutation: You sometimes lose your temper in combat.
                  | [potion of mutation]
 62927 | Zot:1    | Gained mutation: You are robust. (+10% HP) [potion of
                  | mutation]
 62928 | Zot:1    | Lost mutation: You occasionally lose the ability to drink
                  | potions when taking damage. [potion of mutation]
 62928 | Zot:1    | Lost mutation: You sometimes lose your temper in combat.
                  | [potion of mutation]
 62928 | Zot:1    | Lost mutation: You are robust. (+10% HP) [potion of
                  | mutation]
 62984 | Zot:2    | Received a gift from Okawaru
 63090 | Zot:2    | Received a gift from Okawaru
 63226 | Zot:2    | Reached XP level 25. HP: 229/237 MP: 30/30
 63244 | Zot:2    | Received a gift from Okawaru
 63414 | Zot:2    | Received a gift from Okawaru
 63453 | Zot:2    | Reached skill level 24 in Axes
 63623 | Zot:2    | Received a gift from Okawaru
 64341 | Zot:3    | Received a gift from Okawaru
 64613 | Zot:3    | Identified the +4 chain mail of Neike {rPois SInv}
 65036 | Zot:3    | Noticed a Killer Klown
 65065 | Zot:3    | Killed a Killer Klown
 65588 | Zot:4    | Identified the +2 pair of gloves of Udwim {Str+2} (Okawaru
                  | gifted it to you on level 4 of the Realm of Zot)
 65588 | Zot:4    | Received a gift from Okawaru
 65628 | Zot:4    | Reached skill level 25 in Axes
 65765 | Zot:4    | Identified the +6 mace of Karma {drain, Str+6 Dex+2}
 66320 | Zot:5    | Entered Level 5 of the Realm of Zot
 66728 | Zot:5    | Noticed an ancient lich
 66741 | Zot:5    | Reached XP level 26. HP: 197/249 MP: 30/30
 66747 | Zot:5    | Noticed an orb of fire
 66758 | Zot:5    | Gained mutation: You are occasionally teleported next to
                  | monsters. [an orb of fire]
 66759 | Zot:5    | Killed an orb of fire
 66781 | Zot:5    | Noticed an orb of fire
 66787 | Zot:5    | Noticed an orb of fire
 66788 | Zot:5    | Gained mutation: Your magical capacity is very low. (-20%
                  | MP) [an orb of fire]
 66789 | Zot:5    | Gained mutation: You occasionally lose the ability to drink
                  | potions when taking damage. [an orb of fire]
 66791 | Zot:5    | Gained mutation: You sometimes lose the ability to drink
                  | potions when taking damage. [an orb of fire]
 66793 | Zot:5    | Gained mutation: You are dopey. (Int -2) [an orb of fire]
 66793 | Zot:5    | Gained mutation: You do not regenerate when monsters are
                  | visible. [an orb of fire]
 66793 | Zot:5    | Noticed a dread lich
 66798 | Zot:5    | Gained mutation: You are often teleported next to monsters.
                  | [an orb of fire]
 66801 | Zot:5    | Noticed an orb of fire
 66801 | Zot:5    | Gained mutation: You are weak. (Str -2) [an orb of fire]
 66811 | Zot:5    | Killed from afar by a yellow draconian annihilator

Illustrated notes

Levels and vault maps discovered:
D:1:      minmay_arrival_split_and_join, layout_basic, feat_on_display
D:2:      layout_loops_cross, ebering_ecumenical_altar_hall
D:3:      layout_rooms, mainiacjoe_overflow_alcove_2,
          mainiacjoe_overflow_six_doors_small, serial_bayou_pond_e
D:4:      minmay_inner_zag, layout_loops_ring, minmay_temple_entry_mini_moons
D:5:      layout_cave_pools, chequers_temple_overflow_minitemple, serial_glass,
          glass_columns_c, glass_columns_c, portal_sewer_entry_f, serial_shops,
          shop, minmay_misc_feat_columns
D:6:      layout_loops_ring, nicolae_uskayaw_dance_hall,
          dreamdust_mushroom_princess
D:7:      layout_basic, bloody_makhleb, uniq_joseph
D:8:      layout_cave_pools, uniq_amaemon
D:9:      layout_roguey
D:10:     nicolae_cairo_tiling_large_dashed, layout_grid_maze, dpeg_oklobed_lair
D:11:     layout_loops_ring, david_orc_4
D:12:     layout_cross, hangedman_abyss_or_decor_stabs, hex_large
D:13:     layout_basic, grunt_vaults_entry_tiered, uniq_nessos
D:14:     layout_irregular_city, serial_rivers, chequers_serial_rivers_small_a,
          chequers_serial_rivers_room_b, chequers_serial_rivers_small_3,
          chequers_serial_rivers_small_3
D:15:     grunt_enter_depths_magical_seal, layout_irregular_city,
          fedhas_altar_3, uniq_louise, uniq_roxanne
Temple:   zaba_magenta_temple
Lair:1:   layout_regular_city, grunt_megastairs_2, lemuel_fruit_tree
Lair:2:   layout_misc_corridors
Lair:3:   layout_small_grid, nicolae_swamp_entry_splash_gauntlet,
          minmay_snake_entry_guardpost_small, infiniplex_staircase_pool_2
Lair:4:   layout_long_grid, minmay_slime_entry_pillars
Lair:5:   gammafunk_lair_ancient_temple, layout_regular_city
Swamp:1:  layout_basic_swamp, nicolae_swamp_round_clearing, swamp_pool5,
          nicolae_swamp_some_circles, uniq_donald
Swamp:2:  layout_falls_marsh, gammafunk_ghost_abyssal_escape,
          evilmike_swamp_ruin_house_5
Swamp:3:  layout_falls_marsh, portal_ice_cave_entry_pillars_2,
          nicolae_swamp_triple_paths, swamp_pool1
Swamp:4:  swamp_old_school, layout_basic_swamp
Snake:1:  layout_rooms, grunt_ministairs_9
Snake:2:  layout_gridlike, st_stairs_11
Snake:3:  layout_cave_town, gammafunk_ghost_wrathful_warriors,
          grunt_ministairs_1, serial_bayou_pond_b, st_stairs_13,
          nicolae_snake_biting_tails, fake_guardian_serpent_vault
Snake:4:  snake_pit, layout_basic, drop_trap, hangedman_snake_pattern
Orc:1:    layout_caves, basic_altar, david_defended_altar_orc, uniq_snorg,
          uniq_maurice
Orc:2:    grunt_orc_community_town_hall, layout_caves,
          grunt_orc_community_big_house_1, grunt_orc_community_big_house_1,
          grunt_orc_community_house_2, grunt_orc_community_house_1,
          grunt_orc_community_house_1, grunt_orc_community_house_1,
          grunt_orc_community_house_3, grunt_orc_community_house_3
Elf:1:    layout_geoelf_grid, serial_glass, glass_columns_a, glass_columns_a,
          hangedman_elf_disciples, amcnicky_mini_rare_corridor_liquid
Elf:2:    elven_hall_of_blades_hangedman_original [nicolae_blade_lattice],
          layout_onion_city, minivault_26, uniq_aizul, uniq_jorgrun
Elf:3:    elf_hall_gauntlet_narrow, layout_loops_ring, minmay_shop_star
Vaults:1: nicolae_vaults_gold_heap, vaults_dpeg_emergency_exit, st_lattice,
          nicolae_vaults_little_squares_1, hangedman_vaults_restitches,
          nicolae_vaults_variable_pillar_hall,
          nicolae_vaults_variable_pillar_hall, hangedman_vaults_maws,
          nicolae_vaults_house_1, nicolae_vaults_windows_and_doors_thing,
          nicolae_vaults_two_Ls, layout_vaults_ring
Vaults:2: minmay_crypt_entry_necro_gods, hangedman_vaults_snaps,
          nicolae_vaults_cochlea, nicolae_vaults_tetromino_L_1,
          ontoclasm_vaults_chip, nicolae_vaults_house_3,
          ontoclasm_vaults_shuriken, vaults_dpeg_hooks,
          nicolae_vaults_circle_grid_a, nicolae_vaults_variable_pillar_hall,
          layout_vaults_maze_snakey, nicolae_trove_entry_crystal, serial_shops,
          shop
Vaults:3: hangedman_vaults_impose, nicolae_vaults_more_shelving_2,
          nicolae_vaults_branching_niches, nicolae_vaults_house_2,
          layout_vaults_omnigrid
Vaults:4: portal_desolation_entry_nicolae_forbidding_blocks,
          dpeg_vaults_monster_row, nicolae_vaults_two_Ls,
          vaults_room_large_hall, ontoclasm_vaults_ring_large,
          hangedman_vaults_hat, nicolae_vaults_alarming,
          ontoclasm_vaults_misaligned, v_misc_18, ontoclasm_vaults_misaligned,
          nicolae_vaults_stairing_the_circle, vaults_dpeg_spiral,
          nicolae_vaults_tetromino_L_1, ontoclasm_vaults_eye,
          nicolae_vaults_trapezoid_layered, nicolae_vaults_little_squares_5,
          layout_vaults_omnibox
Vaults:5
Crypt:1:  layout_catacombs, serial_sigils, serial_sigils_hangedman_scar,
          serial_sigils_hangedman_confine, serial_sigils_hangedman_carve,
          serial_sigils_hangedman_shear, serial_sigils_hangedman_gut,
          serial_sigils_hangedman_clutch, uniq_saint_roka, uniq_jory
Crypt:2:  layout_chaotic_city
Crypt:3:  due_elkab, layout_chaotic_city, basic_altar,
          serial_sigils_hangedman_snap
Depths:1: layout_small_grid, grunt_mini_vestibule, minmay_misc_feat_ornament,
          pan_entry, minmay_misc_feat_alley, nicolae_qazlal_scattered_showers
Depths:2: nzn_winding_woodlands_three_and_one [nzn_winding_woodlands_5x15_pool,
          nzn_winding_woodlands_5x15_longhouse,
          nzn_winding_woodlands_5x15_twine, nzn_winding_woodlands_center_lodge],
          layout_gridlike, abyss_entry_glasseish, grunt_decor_one_mirror,
          pan_entry, hell_entry, grunt_megastairs_4
Depths:3: evilmike_negative_zone, layout_basic, enter_ziggurat_c,
          rand_demon_pan_entry_1, hangedman_coc_ice_floe,
          hangedman_decor_points, abyss_entry, serial_shops, statue_bzr,
          minmay_staircase_windowed_large, serial_bayou_shore_b
Depths:4: grunt_twist_and_shout, layout_honeycomb, amcnicky_mini_pool_small,
          hangedman_tar_grid_catacomb, hellmonk_ghost_happy_afterlife,
          uniq_josephina, uniq_mennas
Hell
Zot:1:    circus_mu, layout_twisted_circle
Zot:2:    layout_gridlike, guppyfry_library_mini, uniq_tiamat
Zot:3:    kennysheep_blocky_room, layout_basic
Zot:4:    layout_basic, drop_trap, grunt_ministairs_8, st_stairs_14
Zot:5:    layout_misc_corridors

Skill      XL: |  1  2  3  4  5  6  7  8  9 10 11 12 13 14 15 16 17 18 19 20 21 22 23 24 25 |
---------------+----------------------------------------------------------------------------+-----
Axes           | 3 4 5 6 7 9 10 12 13 15 17 18 19 20 22 23 25 | 25.5
Fighting       | 4 5 6 7 8 9 10 11 12 14 15 16 17 18 19 20 21 22 | 22.9
Armour         | 4 5 6 7 8 9 10 11 12 15 16 17 18 19 20 21 22 | 22.9
Shields        | 4 5 6 7 8 9 10 11 12 15 16 17 18 19 20 21 22 | 22.9
Throwing       | 1 2 3 4 5 6 7 8 10 12 14 16 17 18 19 20 | 20.4
Invocations    | 1 3 4 5 6 8 9 10 12 13 14 15 16 | 16.0
Dodging        | 1 |  1.0
Evocations     | 1 2 3 4 5 6 7 8 10 11 13 | 13.0
Maces & Flails | 2 |  2.0

Action                     |  1- 3 |  4- 6 |  7- 9 | 10-12 | 13-15 | 16-18 | 19-21 | 22-24 | 25-27 || total
---------------------------+-------+-------+-------+-------+-------+-------+-------+-------+-------++-------
  Melee: War axe           |    69 |   113 |   312 |   416 |       |       |       |       |       ||   910
         Headbutt          |     4 |    23 |    38 |   119 |   231 |   250 |   447 |   581 |   180 ||  1873
         Broad axe         |       |       |       |    56 |  1009 |   996 |  1533 |  1744 |   624 ||  5962
  Throw: Dart              |       |       |     2 |       |       |       |       |       |       ||     2
         Boomerang         |       |       |       |    38 |    34 |   316 |    47 |    51 |     2 ||   488
         Stone             |       |       |       |    12 |    11 |       |       |       |       ||    23
         Javelin           |       |       |       |     5 |    26 |    15 |    38 |    19 |    57 ||   160
 Invoke: Heroism           |       |       |       |     5 |     5 |     9 |     1 |     3 |     2 ||    25
         Finesse           |       |       |       |       |     4 |     8 |       |       |       ||    12
         Duel              |       |       |       |       |       |     1 |       |       |       ||     1
  Evoke: Wand              |       |       |       |     1 |     6 |    12 |     4 |       |     3 ||    26
         Lightning rod     |       |       |       |       |     3 |       |     4 |     4 |       ||    11
         Phial of floods   |       |       |       |       |       |     1 |       |       |       ||     1
         Tin of tremorston |       |       |       |       |       |       |       |     2 |     2 ||     4
    Use: Scroll            |       |     8 |     2 |     6 |    12 |    19 |     6 |    11 |     3 ||    67
         Potion            |       |       |     4 |     3 |     8 |    24 |     3 |     4 |       ||    46
   Stab: Paralysed         |       |       |       |     2 |       |     2 |       |       |       ||     4
         Invisible         |       |       |       |       |       |    12 |       |       |       ||    12
         Confused          |       |       |       |       |       |     1 |       |       |       ||     1
         Distracted        |       |       |       |       |       |       |     1 |       |       ||     1
 Armour: Scale mail        |    49 |    35 |    10 |       |       |       |       |       |       ||    94
         Chain mail        |       |       |    44 |       |       |       |       |       |       ||    44
         Plate armour      |       |       |    39 |   157 |   362 |   545 |    47 |       |       ||  1150
         Crystal plate arm |       |       |       |       |       |       |   637 |   881 |   327 ||  1845
  Dodge: Dodged            |    39 |    45 |   142 |   207 |   330 |   234 |   194 |   251 |   120 ||  1562
  Block: Buckler           |    22 |    48 |   163 |   244 |   325 |       |       |       |       ||   802
         Reflection        |       |       |     8 |     2 |    67 |   114 |    61 |    42 |    14 ||   308
         Tower shield      |       |       |       |       |   216 |   342 |       |       |       ||   558
         Kite shield       |       |       |       |       |   103 |   682 |  1383 |  1592 |   610 ||  4370
